 Dungeon Crawl Stone Soup version 0.19-a0-1627-gc26532d (webtiles) character file.

190 FrankyJ the Skirmisher (level 6, -1/49 HPs)
             Began as a Human Ice Elementalist on Sept 18, 2016.
             Killed from afar by an orc wizard (9 damage)
             ... with a puff of frost
             ... on level 3 of the Dungeon.
             The game lasted 00:13:34 (3684 turns).

FrankyJ the Skirmisher (Human Ice Elementalist)     Turns: 3684, Time: 00:13:35

Health: -1/49      AC:  2    Str:  9    XL:     6   Next: 1%
Magic:  9/9        EV: 12    Int: 16    God:
Gold:   182        SH:  0    Dex: 14    Spells: 2 memorised, 4 levels left

rFire  . . .     SeeInvis .     g - +3 dagger
rCold  . . .     Gourm    .     a - +0 robe
rNeg   . . .     Faith    .     (no shield)
rPois  .         Spirit   .     (no helmet)
rElec  .         Dismiss  .     (no cloak)
rCorr  .         Reflect  .     (no gloves)
MR     .....     Harm     .     (no boots)
Stlth  ++........               (no amulet)
                                (no ring)
                                (no ring)

@: no status effects
A: no striking features
a: no special abilities


You were on level 3 of the Dungeon.
You were very hungry.

You visited 1 branch of the dungeon, and saw 3 of its levels.

You collected 182 gold pieces.

Inventory:

Hand Weapons
 g - a +3 dagger (weapon)
 k - a +0 rapier
 s - a +1 antimagic dagger
Missiles
 e - 2 javelins (quivered)
Armour
 a - a +0 robe (worn)
Jewellery
 j - an uncursed ring of protection from fire {unknown}
 n - an uncursed amulet of harm {unknown}
Scrolls
 i - 6 scrolls of identify {unknown}
 p - a scroll of immolation {unknown}
 q - a scroll of enchant weapon {unknown}
 r - a scroll of magic mapping {unknown}
 t - a scroll of fear {unknown}
 u - a scroll of amnesia {unknown}
Potions
 d - a potion of flight {unknown}
 f - a potion of invisibility {unknown}
 l - 2 potions of curing {unknown}
 o - a potion of ambrosia {unknown}
Books
 b - a book of Frost

   Spells                             Type                      Level
   a - Freeze                         Ice                          1
   b - Throw Frost                    Conjuration/Ice              2
   c - Ozocubu's Armour               Charms/Ice                   3
   d - Throw Icicle                   Conjuration/Ice              4
   e - Summon Ice Beast               Ice/Summoning                4
Comestibles
 c - a bread ration
 h - 3 meat rations
 m - a royal jelly


   Skills:
 + Level 4.5 Fighting
 - Level 2.0 Dodging
 - Level 2.0 Stealth
 + Level 2.0 Spellcasting
 + Level 2.6 Conjurations
 - Level 3.0 Ice Magic


You had 4 spell levels left.
You knew the following spells:

 Your Spells              Type           Power        Failure   Level  Hunger
a - Freeze                Ice            ##..         8%          1    #......
b - Throw Icicle          Conj/Ice       ##......     75%         4    #####..


Dungeon Overview and Level Annotations

Branches:
Dungeon (3/15)

Altars:
Kikubaaqudgha
Nemelex Xobeh


Message History

You hit something but do no damage. Something hits you but does no damage.
You hear some strange, mumbled words.
A puff of flame appears from out of thin air!
The puff of flame hits you!
* * * LOW HITPOINT WARNING * * *
You barely miss something. Something barely misses you.
You hit something but do no damage.
You hear some strange, mumbled words.
A puff of flame appears from out of thin air!
The puff of flame hits you!
* * * LOW HITPOINT WARNING * * *
Something completely misses you.
You closely miss something.
Okay, then.
Okay, then.
You hit something.
You hear some strange, mumbled words.
A puff of frost appears from out of thin air!
The puff of frost hits you!
You die...

#.....# ####.#####.#........#
#.....# #....#...#.#........#
#.....# #..........########..
###.....# #..........# #..
..#.....#####..........# #..
..#.....#.#.#..........# #..
..'.....'#.............# #..
..#.....#.#...#.##'#'#.# #..
..+......#'...'#@#.#<#.# ###
..#.#'#(#o#...#{##.###.# #
..+#.#.#.#'o..'#.#.....#
..#.#.#.#.#...#.#################
+#.#.#.#.#.....#...........).....
#.#.#.#.#.#....'#################
.#.#.#.#.#.....#.# #.....
#.#.#.#.#.#.#+#.## #.####
.#.#.#.#.#.#.#.#.# #.#


There were no monsters in sight!

Vanquished Creatures
  An orc wizard (D:3)
  6 adders
  3 oozes
  4 worms
  A dart slug (D:1)
  5 leopard geckos
  3 orcs (D:3)
  4 bats (D:1)
  6 giant cockroaches
  8 goblins
  9 hobgoblins
  8 kobolds
  2 quokkas
  A ball python (D:3)
  6 frilled lizards
  5 rats
72 creatures vanquished.

Notes
Turn   | Place    | Note
-------+----------+-------------------------------------------
     0 | D:1      | FrankyJ the Human Ice Elementalist began the quest for the Orb.
     0 | D:1      | Reached XP level 1. HP: 13/13 MP: 3/3
   218 | D:1      | Reached skill level 1 in Fighting
   308 | D:1      | Reached XP level 2. HP: 19/21 MP: 1/5
   521 | D:1      | Reached skill level 2 in Fighting
   666 | D:1      | Reached XP level 3. HP: 13/28 MP: 2/6
  1082 | D:1      | Reached skill level 3 in Fighting
  1136 | D:2      | Found a faded altar of an unknown god.
  1145 | D:2      | Reached XP level 4. HP: 22/35 MP: 1/7
  1645 | D:2      | Learned a level 4 spell: Throw Icicle
  2121 | D:2      | Reached skill level 4 in Fighting
  2121 | D:2      | Reached XP level 5. HP: 42/42 MP: 5/8
  2319 | D:2      | Found a sparkling altar of Nemelex Xobeh.
  2320 | D:2      | Found an ancient bone altar of Kikubaaqudgha.
  3668 | D:3      | Reached XP level 6. HP: 37/49 MP: 9/9
  3684 | D:3      | Killed from afar by an orc wizard

Vault maps used:
D:1:      dpeg_arrival_brainrot, serial_curves, eino_curves_03, eino_curves_04,
          columned_hall_lemuel
D:2:      gammafunk_temple_overflow_pools, ecumenical_altar_1, roderic_lattice_a

Skill      XL: |  1  2  3  4  5 |
---------------+----------------+-----
Fighting       | 1 2 3 4 |  4.5
Conjurations   | 2 |  2.6
Dodging        | |  2.0
Stealth        | |  2.0
Spellcasting   | |  2.0
Ice Magic      | |  3.0

Action                   |  1- 3 |  4- 6 || total
-------------------------+-------+-------++-------
Melee: Dagger            |    46 |   132 ||   178
       Unarmed           |     3 |       ||     3
 Cast: Freeze            |    33 |    40 ||    73
 Stab: Sleeping          |     3 |     2 ||     5
  Eat: Chunk             |     1 |     8 ||     9
Armor: Robe              |     6 |    14 ||    20
Dodge: Dodged            |    43 |    80 ||   123
